 Dungeon Crawl Stone Soup version 0.30.0-29-ga12c61a403 (webtiles) character file.

Game seed: 8118943008222183810

35 Chilbo the Sneak (level 3, 0/27 HPs)
             Began as a Demonspawn Brigand on June 12, 2023.
             Constricted to death by a ball python (1 damage)
             ... on level 1 of the Dungeon.
             The game lasted 00:05:29 (395 turns).

Chilbo the Sneak (Demonspawn Brigand)                Turns: 395, Time: 00:05:30

Health: 0/27       AC:  3    Str: 13    XL:     3   Next: 17%
Magic:  3/3        EV:  8    Int: 12    God:
Gold:   100        SH:  0    Dex: 14    Spells: 2/2 levels left

rFire   . . .        a - +2 dagger
rCold   . . .        (no shield)
rNeg    . . .        b - +0 robe
rPois   .            (no helmet)
rElec   .            c - +0 cloak
rCorr   .            (no gloves)
SInv    .            (no boots)
Will    .....        (no amulet)
Stlth   +++          (no ring)
HPRegen 0.24/turn    (no ring)
MPRegen 0.08/turn

%: no passive effects
@: constricted
A: claws 1
a: no special abilities


You were on level 1 of the Dungeon.
You visited 1 branch of the dungeon, and saw 2 of its levels.

You collected 100 gold pieces.

Inventory:

Hand Weapons
 a - a +2 dagger (weapon)
Missiles
 d - 15 poisoned darts (quivered)
 e - 3 curare-tipped darts
Armour
 b - a +0 robe (worn)
 c - a +0 cloak (worn)
Scrolls
 g - a scroll of identify {unknown}
 i - a scroll of fear {unknown}
 l - a scroll of teleportation {unknown}
Potions
 f - a potion of degeneration {unknown}
 h - a potion of brilliance {unknown}
 j - a potion of curing {unknown}
 k - a potion of might {unknown}


   Skills:
 - Level 2.0 Fighting
 - Level 1.7 Short Blades
 - Level 1.7 Throwing
 - Level 0.8 Dodging
 + Level 4.8 Stealth


You had 2 spell levels left.
You didn't know any spells.
Your spell library contained the following spells:

 Spells                   Type           Power      Damage    Failure   Level
 Blink                    Tloc           0%         N/A       45%         2
 Lesser Beckoning         Tloc           0%         N/A       45%         2
 Momentum Strike          Conj/Tloc      0%         3d8       45%         2


Dungeon Overview and Level Annotations

Branches:
Dungeon (2/15)

Altars:

Shops:
D:1 ***


Innate Abilities, Weirdness & Mutations

You have sharp fingernails.


Message History

The frilled lizard bites you but does no damage.
You hit the frilled lizard but do no damage.
The frilled lizard completely misses you.
You miss the frilled lizard. The frilled lizard bites you.
You hit the frilled lizard.
The frilled lizard is heavily wounded.
The frilled lizard misses you.
You hit the frilled lizard.
You kill the frilled lizard!
You barely miss the goblin. The goblin completely misses you.
You closely miss the goblin. The goblin barely misses you.
You completely miss the goblin. The goblin closely misses you.
You hit the goblin.
You kill the goblin!
You closely miss the kobold. You hit the kobold but do no damage.
The kobold closely misses you. The ball python bites you.
The ball python barely misses you.
You barely miss the kobold. The kobold hits you with a +0 club.
The ball python bites you. The ball python grabs you.
The ball python constricts you.
You closely miss the kobold. The kobold hits you but does no damage.
The ball python closely misses you. The ball python constricts you.
You hit the kobold.
The kobold is heavily wounded.
The ball python barely misses you. The ball python constricts you.
* * * LOW HITPOINT WARNING * * *
The kobold barely misses you.
Unknown command.
You closely miss the kobold.
The kobold is heavily wounded.
The ball python barely misses you. The ball python constricts you.
* * * LOW HITPOINT WARNING * * *
The kobold hits you with a +0 club.
* * * LOW HITPOINT WARNING * * *
You hit the kobold.
The kobold is severely wounded.
The ball python bites you.
* * * LOW HITPOINT WARNING * * *
The ball python constricts you.
You die...

#........# #.# #####..#...
#........###.##... .......
#........##..#..# #.###..
#.........#....# ###.###..
#..........[...###........
#.........##.........###..
######....$....#..........
#..#KS≈≈#........####
♣♣♣#@≈∩≈##...†.#.#
♣...≈≈.......#.#
♣#######.......####
##.......... ####.......
........ ........
#b........ #.........


You could see a ball python and a kobold.

Vanquished Creatures
  5 dart slugs
  6 endoplasms (D:1)
  2 hobgoblins
  2 bats (D:1)
  2 frilled lizards
  2 goblins (D:1)
  A kobold (D:2)
  6 rats
26 creatures vanquished.

Notes
Turn   | Place    | Note
-------+----------+-------------------------------------------
     0 | D:1      | Chilbo the Demonspawn Brigand began the quest for the Orb.
     0 | D:1      | Reached XP level 1. HP: 16/16 MP: 1/1
     1 | D:1      | Found Egupri Ugom's General Store.
    67 | D:1      | Found Peonottu's General Store.
    99 | D:1      | Reached skill level 4 in Stealth
   106 | D:1      | Gained mutation: You have sharp fingernails. [demonic
                  | ancestry]
   106 | D:1      | Reached XP level 2. HP: 22/22 MP: 2/2
   123 | D:1      | Found Xockiun's General Store.
   131 | D:1      | You fall into a shaft and drop 1 floor!
   239 | D:1      | Reached XP level 3. HP: 22/27 MP: 3/3
   343 | D:1      | Found Leetiax's Assorted Antiques.
   395 | D:1      | HP: 1/27 [ball python (2)]
   395 | D:1      | Constricted to death by a ball python

Illustrated notes

Levels and vault maps discovered:
D:1:      dpeg_arrival_pits, layout_rooms, serial_shops, shop, shop,
          nicolae_shop_tiny_waterfront, nicolae_shop_peninsula, shop
D:2:      cheibrodos_fertilizer, layout_loops_ring, uniq_natasha

Skill      XL: |  1 |
---------------+----+-----
Stealth        | 4 |  4.8
Fighting       | |  2.0
Short Blades   | |  1.7
Throwing       | |  1.7
Dodging        | |  0.8

Action                     || total
---------------------------++-------
  Melee: Dagger            ||    81
   Stab: Sleeping          ||    11
 Armour: Robe              ||    20
  Dodge: Dodged            ||    51
